 Dungeon Crawl Stone Soup version 0.19.5 (webtiles) character file.

112 HeyBub the Slasher (level 5, -5/41 HPs)
             Began as a Human Monk on Mar 25, 2017.
             Killed by nerve-wracking pain
             ... invoked by an orc priest
              (7 damage)
             ... on level 3 of the Dungeon.
             The game lasted 00:07:03 (1860 turns).

HeyBub the Slasher (Human Monk)                     Turns: 1860, Time: 00:07:04

Health: -5/41      AC:  3    Str: 12    XL:     5   Next: 16%
Magic:  0/5        EV: 13    Int: 11    God:
Gold:   107        SH:  0    Dex: 15    Spells: 2 memorised, 1 level left

rFire  . . .     SeeInvis .     a - +0 falchion
rCold  . . .     Gourm    .     b - +0 robe
rNeg   . . .     Faith    .     (no shield)
rPois  .         Spirit   .     (no helmet)
rElec  .         Reflect  .     h - +0 cloak
rCorr  .         Harm     .     (no gloves)
MR     .....                    (no boots)
Stlth  +++.......               (no amulet)
                                (no ring)
                                i - ring of stealth

@: very slightly contaminated
A: no striking features
a: no special abilities


You were on level 3 of the Dungeon.
You were full.

You visited 1 branch of the dungeon, and saw 3 of its levels.

You collected 107 gold pieces.

Inventory:

Hand Weapons
 a - a +0 falchion (weapon)
Missiles
 c - 7 tomahawks (quivered)
Armour
 b - a +0 robe (worn)
 h - a +0 cloak (worn)
Jewellery
 i - a ring of stealth (left hand)
Scrolls
 e - a scroll of noise {unknown}
 f - 2 scrolls of teleportation
 j - a scroll of immolation {unknown}
 m - 2 scrolls of identify
Potions
 k - 2 potions of berserk rage
 l - a potion of curing
 n - a potion of lignification {unknown}
 p - 2 potions of flight {unknown}
Books
 d - a book of Minor Magic

   Spells                             Type                      Level
   a - Magic Dart                     Conjuration                  1
   b - Blink                          Translocation                2
   c - Call Imp                       Summoning                    2
   d - Repel Missiles                 Charms/Air                   2
   e - Slow                           Hexes                        2
   f - Conjure Flame                  Conjuration/Fire             3
   g - Mephitic Cloud                 Conjuration/Poison/Air       3
 o - a book of Maledictions

   Spells                             Type                      Level
   a - Corona                         Hexes                        1
   b - Ensorcelled Hibernation        Hexes/Ice                    2
   c - Confuse                        Hexes                        3
   d - Tukima's Dance                 Hexes                        3
   e - Dazzling Spray                 Conjuration/Hexes            3
Comestibles
 g - a slice of pizza


   Skills:
 + Level 3.5 Fighting
 + Level 4.0 Long Blades
 + Level 3.3 Dodging
 * Level 2.9 Stealth
 + Level 0.5 Spellcasting
 * Level 0.2 Hexes
 + Level 1.0 Summonings


You had one spell level left.
You knew the following spells:

 Your Spells              Type           Power        Failure   Level  Hunger
a - Call Imp              Summ           #.......     34%         2    ###....
b - Ensorcelled Hibernat  Hex/Ice        #.....       56%         2    ###....


Dungeon Overview and Level Annotations

Branches:
Dungeon (3/15)

Altars:


Message History

The orc priest hits you with a dagger. The orc priest closely misses you.
You riposte.
You hit the orc priest.
The orc priest is almost dead.
You hit the orc priest but do no damage.
The orc priest is almost dead.
The orc closely misses you.
You riposte.
You hit the orc.
The orc is heavily wounded.
The orc priest calls down the wrath of Beogh upon you.
Beogh smites you!
* * * LOW HITPOINT WARNING * * *
Casting: Ensorcelled Hibernation
Confirm with . or Enter, or press ? or * to list all spells.
A beastly little devil appears in a puff of flame.
The orc hits you with a flail.
* * * LOW HITPOINT WARNING * * *
The orc priest hits you with a dagger.
* * * LOW HITPOINT WARNING * * *
The orc priest calls down the wrath of Beogh upon you.
Pain shoots through your body!
You die...

##....#...## #####
......#.#..# ##...##
........##.####.....##
#..K...#.....##.......#
..#.## #..#...........#
### ##...o##....)..#
##.#.###o..[.##
####.#..#..5....#
.........o@.....#
..##.####.......# ..
##.....## #. ##...##
#####


You could see an orc priest, an orc and a friendly crimson imp.

Vanquished Creatures
  A gnoll (D:1)
  2 adders (D:2)
  2 dart slugs (D:1)
  A ball python (D:2)
  4 bats
  A giant cockroach (D:1)
  5 hobgoblins
  7 jackals
  9 kobolds
  2 quokkas (D:2)
  2 frilled lizards
  4 goblins
  5 rats
45 creatures vanquished.

Vanquished Creatures (collateral kills)
  3 adders (D:2)
  A dart slug (D:2)
  A leopard gecko (D:2)
  A bat (D:2)
  A giant cockroach (D:2)
  2 goblins (D:2)
  A jackal (D:2)
  A quokka (D:2)
  2 frilled lizards (D:2)
  A rat (D:2)
14 creatures vanquished.

Grand Total: 59 creatures vanquished

Notes
Turn   | Place    | Note
-------+----------+-------------------------------------------
     0 | D:1      | HeyBub the Human Monk began the quest for the Orb.
     0 | D:1      | Reached XP level 1. HP: 18/18 MP: 1/1
    64 | D:1      | Reached XP level 2. HP: 22/24 MP: 2/2
   310 | D:1      | Reached XP level 3. HP: 29/29 MP: 3/3
  1082 | D:2      | Reached XP level 4. HP: 32/35 MP: 4/4
  1090 | D:2      | Learned a level 2 spell: Call Imp
  1376 | D:2      | Reached skill level 1 in Summonings
  1576 | D:2      | Reached skill level 4 in Long Blades
  1576 | D:2      | Reached XP level 5. HP: 41/41 MP: 5/5
  1625 | D:2      | Found a faded altar of an unknown god.
  1681 | D:2      | Learned a level 2 spell: Ensorcelled Hibernation
  1859 | D:3      | HP: 2/41 [orc priest/dagger (5)]
  1860 | D:3      | Killed from afar by an orc priest

Skill      XL: |  1  2  3  4 |
---------------+-------------+-----
Summonings     | 1 |  1.0
Long Blades    | 4 |  4.0
Fighting       | |  3.5
Dodging        | |  3.3
Stealth        | |  2.9
Spellcasting   | |  0.5
Hexes          | |  0.2

Action                   |  1- 3 |  4- 6 || total
-------------------------+-------+-------++-------
Melee: Falchion          |    79 |    70 ||   149
 Cast: Call Imp          |       |    10 ||    10
  Use: Scroll            |     1 |     2 ||     3
       Potion            |       |     2 ||     2
 Stab: Sleeping          |       |     6 ||     6
  Eat: Meat ration       |       |     1 ||     1
       Bread ration      |       |     1 ||     1
Armor: Robe              |    11 |    12 ||    23
Dodge: Dodged            |    68 |    58 ||   126
       Rpst.: Falchion   |    26 |    19 ||    45
